EVO
UNIVERSITY OF ILLINOIS FIGHTING ILLINI @ OKLAHOMA STATE UNIVERSITY COWBOYS
11/05/2045
 
TOP OF THE 1ST
Ohio State University Buckeyes batting - Pitching for University of California Golden Bears : LHP J.T. Ready
Pitching: LHP J.T. Ready
Batting: RHB Zach Sommer 0-0: Called Strike
0-1: Foul Ball, location: 2F
0-2: Ground out 4-3 (Groundball, 4M, EV 98.1 MPH)
Batting: RHB Caleb Bockmann 0-0: Swinging Strike
0-1: Ball
1-1: Foul Ball, location: 2F
1-2: Ground out 5-3 (Groundball, 56, EV 106.3 MPH)
Batting: RHB Ben Taylor 0-0: Ball
1-0: Ball
2-0: Fly out, F7 (Flyball, 78S, EV 93.8 MPH)
Top of the 1st over - 0 runs, 0 hits, 0 errors, 0 left on base; Ohio State University 0 - University of California 0
BOTTOM OF THE 1ST
University of California Golden Bears batting - Pitching for Ohio State University Buckeyes : RHP Raul Ramos
Pitching: RHP Raul Ramos
Batting: RHB Fortunato Fteira 0-0: Swinging Strike
0-1: Called Strike
0-2: Ball
1-2: SINGLE (Line Drive, 7S, EV 95.0 MPH)
Batting: LHB Rick Campbell 0-0: Ball
1-0: Foul Ball, location: 2F
1-1: Called Strike
1-2: Strikes out swinging
Batting: RHB Josh Lofgreen 0-0: Grounds into double play, 4-6-3 (Groundball, 34, EV 86.9 MPH)
Bottom of the 1st over - 0 runs, 1 hit, 0 errors, 0 left on base; Ohio State University 0 - University of California 0
TOP OF THE 2ND
Ohio State University Buckeyes batting - Pitching for University of California Golden Bears : LHP J.T. Ready
Batting: LHB Shane Montalvo 0-0: Foul Ball, location: 2F
0-1: Fly out, F4 (Popup, 4, EV 45.0 MPH)
Batting: RHB Mark Stafford 0-0: Ball
1-0: Foul Ball, location: 2F
1-1: Called Strike
1-2: Ball
2-2: SINGLE (Line Drive, 4D, EV 95.0 MPH)
Batting: RHB Steve Gusman 0-0: Sac Bunt to 13S - play at first, batter OUT! 1-3
Mark Stafford to second
Batting: RHB Malik Sharpless 0-0: Fly out, F7 (Flyball, 7LM, EV 94.4 MPH)
Top of the 2nd over - 0 runs, 1 hit, 0 errors, 1 left on base; Ohio State University 0 - University of California 0
BOTTOM OF THE 2ND
University of California Golden Bears batting - Pitching for Ohio State University Buckeyes : RHP Raul Ramos
Batting: SHB Brad Madden 0-0: Ball
1-0: Foul Ball, location: 2F
1-1: Ball
2-1: Called Strike
2-2: Foul Ball, location: 2F
2-2: Ball
3-2: Ground out 4-3 (Groundball, 4, EV 77.5 MPH)
Batting: LHB Danny Treto 0-0: Ball
1-0: Ball
2-0: Foul Ball, location: 2F
2-1: Foul Ball, location: 2F
2-2: SINGLE (Groundball, 6S, EV 65.0 MPH) (infield hit)
Batting: RHB Joe Hartigan 0-0: Called Strike
0-1: Called Strike
0-2: Strikes out looking
Batting: RHB Carlos de Jesus 0-0: Swinging Strike
0-1: Called Strike
0-2: Ground out U3 (Groundball, 3S, EV 88.1 MPH)
Bottom of the 2nd over - 0 runs, 1 hit, 0 errors, 1 left on base; Ohio State University 0 - University of California 0
TOP OF THE 3RD
Ohio State University Buckeyes batting - Pitching for University of California Golden Bears : LHP J.T. Ready
Batting: LHB Steve Pond 0-0: Called Strike
0-1: SINGLE (Groundball, 34D, EV 94.4 MPH)
Batting: RHB Xavier Castaneda 0-0: Swinging Strike
0-1: Called Strike
0-2: Ball
1-2: Fielders Choice at 2nd, 4-6 (Groundball, 4, EV 83.1 MPH)
Batting: RHB Zach Sommer 0-0: Called Strike
0-1: Called Strike
0-2: Fielders Choice at 2nd, 4-6 (Groundball, 4, EV 88.8 MPH)
Batting: RHB Caleb Bockmann 0-0: Ball
1-0: Foul Ball, location: 2F
1-1: Ball
2-1: Called Strike
2-2: Ground out 5-3 (Groundball, 56S, EV 89.4 MPH)
Top of the 3rd over - 0 runs, 1 hit, 0 errors, 1 left on base; Ohio State University 0 - University of California 0
BOTTOM OF THE 3RD
University of California Golden Bears batting - Pitching for Ohio State University Buckeyes : RHP Raul Ramos
Batting: RHB Kevin Tangeman 0-0: Called Strike
0-1: Swinging Strike
0-2: Foul Ball, location: 2F
0-2: Fly out, F8 (Flyball, 8LM, EV 79.4 MPH)
Batting: RHB Mike Gangi 0-0: Foul Ball, location: 2F
0-1: Ball
1-1: Swinging Strike
1-2: DOUBLE (Line Drive, 89M, EV 96.3 MPH)
Batting: RHB Fortunato Fteira 0-0: Ball
1-0: Foul Ball, location: 2F
1-1: Called Strike
1-2: Strikes out swinging
Batting: LHB Rick Campbell 0-0: Called Strike
0-1: Foul Ball, location: 2F
0-2: Foul Ball, location: 2F
0-2: Ground out U3 (Groundball, 3, EV 101.9 MPH)
Bottom of the 3rd over - 0 runs, 1 hit, 0 errors, 1 left on base; Ohio State University 0 - University of California 0
TOP OF THE 4TH
Ohio State University Buckeyes batting - Pitching for University of California Golden Bears : LHP J.T. Ready
Batting: RHB Ben Taylor 0-0: SINGLE (Line Drive, 78S, EV 105.6 MPH)
Batting: LHB Shane Montalvo 0-0: Foul Ball, location: 2F
0-1: Ball
1-1: Ball
2-1: SINGLE (Line Drive, 89S, EV 107.5 MPH)
Ben Taylor to second
Runner from 2nd tries for 3rd, SAFE, no throw by RF
Batting: RHB Mark Stafford 0-0: Called Strike
0-1: Ball
1-1: Grounds into double play, 4-6-3 (Groundball, 34, EV 108.1 MPH)
Ben Taylor scores
Batting: RHB Steve Gusman 0-0: Ball
1-0: Fly out, F9 (Line Drive, 9LS, EV 96.3 MPH)
Top of the 4th over - 1 run, 2 hits, 0 errors, 0 left on base; Ohio State University 1 - University of California 0
BOTTOM OF THE 4TH
University of California Golden Bears batting - Pitching for Ohio State University Buckeyes : RHP Raul Ramos
Batting: RHB Josh Lofgreen 0-0: Ball
1-0: Called Strike
1-1: Ground out U3 (Groundball, 3, EV 88.1 MPH)
Batting: SHB Brad Madden 0-0: Ball
1-0: Called Strike
1-1: Swinging Strike
1-2: Ball
2-2: Strikes out swinging
Batting: LHB Danny Treto 0-0: Ball
1-0: Foul Ball, location: 2F
1-1: Ball
2-1: Fly out, F9 (Flyball, 9, EV 90.0 MPH)
Bottom of the 4th over - 0 runs, 0 hits, 0 errors, 0 left on base; Ohio State University 1 - University of California 0
TOP OF THE 5TH
Ohio State University Buckeyes batting - Pitching for University of California Golden Bears : LHP J.T. Ready
Batting: RHB Malik Sharpless 0-0: Foul Ball, location: 2F
0-1: Bunt for hit to 2L - play at first, batter OUT! 2-3
Batting: LHB Steve Pond 0-0: Foul Ball, location: 2F
0-1: Called Strike
0-2: Strikes out looking
Batting: RHB Xavier Castaneda 0-0: Ground out 5-3 (Groundball, 56S, EV 80.6 MPH)
Top of the 5th over - 0 runs, 0 hits, 0 errors, 0 left on base; Ohio State University 1 - University of California 0
BOTTOM OF THE 5TH
University of California Golden Bears batting - Pitching for Ohio State University Buckeyes : RHP Raul Ramos
Batting: RHB Joe Hartigan 0-0: Ball
1-0: Fly out, F8 (Flyball, 8RD, EV 101.9 MPH)
Batting: RHB Carlos de Jesus 0-0: Foul Ball, location: 2F
0-1: Foul Ball, location: 2F
0-2: Ball
1-2: Ball
2-2: Ball
3-2: Fly out, F7 (Flyball, 7LM, EV 95.0 MPH)
Batting: RHB Kevin Tangeman 0-0: Called Strike
0-1: Fly out, F7 (Flyball, 7D, EV 98.8 MPH)
Bottom of the 5th over - 0 runs, 0 hits, 0 errors, 0 left on base; Ohio State University 1 - University of California 0
TOP OF THE 6TH
Ohio State University Buckeyes batting - Pitching for University of California Golden Bears : LHP J.T. Ready
Batting: RHB Zach Sommer 0-0: Called Strike
0-1: Foul Ball, location: 2F
0-2: Ball
1-2: Ball
2-2: Foul Ball, location: 2F
2-2: DOUBLE (Flyball, 89D, EV 101.3 MPH)
Batting: RHB Caleb Bockmann 0-0: Called Strike
0-1: Ball
1-1: Ball
2-1: Foul Ball, location: 2F
2-2: Foul Ball, location: 2F
2-2: Ball
3-2: Strikes out looking
Batting: RHB Ben Taylor 0-0: Ball
1-0: Called Strike
1-1: Ball
2-1: Foul Ball, location: 2F
2-2: Strikes out swinging
Batting: LHB Shane Montalvo 0-0: Called Strike
0-1: SINGLE (Line Drive, 4D, EV 97.5 MPH)
Zach Sommer to third
Runner from 3rd tries for Home, SAFE, throw by CF to home
Batting: RHB Mark Stafford 0-0: Ball
1-0: Ball
2-0: Ball
3-0: Foul Ball, location: 2F
3-1: Base on Balls
Shane Montalvo to second
Batting: RHB Steve Gusman 0-0: Called Strike
0-1: Ball
1-1: Fly out, F9 (Flyball, 9LM, EV 89.4 MPH)
Top of the 6th over - 1 run, 2 hits, 0 errors, 2 left on base; Ohio State University 2 - University of California 0
BOTTOM OF THE 6TH
University of California Golden Bears batting - Pitching for Ohio State University Buckeyes : RHP Raul Ramos
Batting: RHB Mike Gangi 0-0: Ball
1-0: Ball
2-0: Called Strike
2-1: Ball
3-1: Foul Ball, location: 2F
3-2: Foul Ball, location: 2F
3-2: Base on Balls
Batting: RHB Fortunato Fteira 0-0: Called Strike
0-1: Fly out, F8 (Line Drive, 8RM, EV 89.4 MPH)
Batting: LHB Rick Campbell 0-0: SINGLE (Groundball, 34, EV 106.9 MPH)
Mike Gangi to second
Runner from 2nd tries for 3rd, SAFE, throw by RF made to third
Rick Campbell to second
Pitching: RHP George Cansler
Batting: RHB Josh Lofgreen 0-0: Swinging Strike
Passed Ball!
Mike Gangi scores
Rick Campbell to third
0-1: SINGLE (Groundball, 6, EV 87.5 MPH) (infield hit)
Rick Campbell scores
Batting: SHB Brad Madden 0-0: Foul Ball, location: 2F
0-1: Ball
1-1: Ball
2-1: Foul Ball, location: 2F
2-2: Ball
3-2: Reached on error, E4 (Groundball, 4, EV 90.6 MPH)
Josh Lofgreen to second
Batting: LHB Danny Treto 0-0: Called Strike
0-1: Ball
1-1: Foul Ball, location: 2F
1-2: Ball
2-2: Ball
3-2: Base on Balls
Josh Lofgreen to third
Brad Madden to second
Batting: RHB Joe Hartigan 0-0: Ball
1-0: Fly out, F3 (Popup, 3F, EV 61.9 MPH)
Batting: RHB Carlos de Jesus 0-0: Fly out, F8 (Flyball, 8LD, EV 87.5 MPH)
Bottom of the 6th over - 2 runs, 2 hits, 1 error, 3 left on base; Ohio State University 2 - University of California 2
TOP OF THE 7TH
Ohio State University Buckeyes batting - Pitching for University of California Golden Bears : LHP J.T. Ready
Pitching: LHP Silas Chartier
Batting: RHB Malik Sharpless 0-0: Ball
1-0: Called Strike
1-1: Ball
2-1: SINGLE (Groundball, 34D, EV 105.6 MPH)
Batting: LHB Steve Pond 0-0: Called Strike
0-1: Ball
1-1: Ball
2-1: Foul Ball, location: 2F
2-2: Ball
3-2: Base on Balls
Malik Sharpless to second
Batting: RHB Xavier Castaneda 0-0: Swinging Strike
0-1: Foul Ball, location: 2F
0-2: Strikes out swinging
Batting: RHB Zach Sommer 0-0: Ball
1-0: Called Strike
1-1: Called Strike
1-2: Strikes out looking
Batting: RHB Caleb Bockmann 0-0: Ball
1-0: Swinging Strike
1-1: Ball
2-1: Ball
3-1: Called Strike
3-2: Base on Balls
Malik Sharpless to third
Steve Pond to second
Pitching: RHP Mauricio Zambrana
Batting: LHB Dave Key 0-0: Ball
1-0: Called Strike
1-1: Swinging Strike
1-2: Strikes out swinging
Top of the 7th over - 0 runs, 1 hit, 0 errors, 3 left on base; Ohio State University 2 - University of California 2
BOTTOM OF THE 7TH
University of California Golden Bears batting - Pitching for Ohio State University Buckeyes : RHP George Cansler
Pitching: RHP Aaron Black
Pinch Hitting: LHB Eric Farren 0-0: Ball
1-0: Called Strike
1-1: Ball
2-1: Ball
3-1: Foul Ball, location: 2F
3-2: Foul Ball, location: 2F
3-2: Base on Balls
Batting: RHB Mike Gangi 0-0: Sac Bunt to 23 - play at second, runner OUT! 3-6
Pinch Hitting: SHB Mike Williams 0-0: Foul Ball, location: 2F
0-1: Called Strike
0-2: Foul Ball, location: 2F
0-2: Ball
1-2: Fielders Choice at 2nd, 6-4 (Groundball, 6, EV 83.1 MPH)
Batting: LHB Rick Campbell 0-0: Ball
1-0: Foul Ball, location: 2F
1-1: Fly out, F8 (Flyball, 8LD, EV 78.1 MPH)
Bottom of the 7th over - 0 runs, 0 hits, 0 errors, 1 left on base; Ohio State University 2 - University of California 2
TOP OF THE 8TH
Ohio State University Buckeyes batting - Pitching for University of California Golden Bears : RHP Mauricio Zambrana
Now at 3B: Eric Farren
Now in CF: Mike Williams
Batting: LHB Shane Montalvo 0-0: Ground out 4-3 (Groundball, 4, EV 96.9 MPH)
Batting: RHB Mark Stafford 0-0: Ball
1-0: Ball
2-0: Called Strike
2-1: Swinging Strike
2-2: Ball
3-2: Fly out, F8 (Flyball, 8LM, EV 97.5 MPH)
Batting: RHB Steve Gusman 0-0: Ball
1-0: Ball
2-0: Foul Ball, location: 2F
2-1: Foul Ball, location: 2F
2-2: Ground out 6-3 (Groundball, 6, EV 91.3 MPH)
Top of the 8th over - 0 runs, 0 hits, 0 errors, 0 left on base; Ohio State University 2 - University of California 2
BOTTOM OF THE 8TH
University of California Golden Bears batting - Pitching for Ohio State University Buckeyes : RHP Aaron Black
Pitching: RHP Craig Potter
Batting: RHB Josh Lofgreen 0-0: Called Strike
0-1: Ball
1-1: Ball
2-1: Foul Ball, location: 2F
2-2: Foul Ball, location: 2F
2-2: Ball
3-2: Ground out 4-3 (Groundball, 4, EV 87.5 MPH)
Batting: SHB Brad Madden 0-0: Ball
1-0: Called Strike
1-1: Called Strike
1-2: DOUBLE (Line Drive, 78D, EV 105.6 MPH)
Batting: LHB Danny Treto 0-0: Ball
1-0: Ball
2-0: Foul Ball, location: 2F
2-1: DOUBLE (Groundball, 5L, EV 108.1 MPH)
Brad Madden scores
Batting: RHB Joe Hartigan 0-0: Ball
1-0: Called Strike
1-1: Ball
2-1: Foul Ball, location: 2F
2-2: Ball
3-2: Foul Ball, location: 2F
3-2: Foul Ball, location: 2F
3-2: Foul Ball, location: 2F
3-2: Base on Balls
Pitching: RHP Marty Nelson
Batting: RHB Carlos de Jesus 0-0: Foul Ball, location: 2F
0-1: Fly out, F4 (Popup, 4MD, EV 55.0 MPH)
Batting: LHB Eric Farren 0-0: Ball
1-0: Fly out, F5 (Line Drive, 5, EV 66.9 MPH)
Bottom of the 8th over - 1 run, 2 hits, 0 errors, 2 left on base; Ohio State University 2 - University of California 3
TOP OF THE 9TH
Ohio State University Buckeyes batting - Pitching for University of California Golden Bears : RHP Mauricio Zambrana
Pitching: RHP Jaylen Hatten
Pinch Hitting: LHB Georges Lambert 0-0: Ball
1-0: Ball
2-0: Foul Ball, location: 2F
2-1: Ground out U3 (Groundball, 3S, EV 86.3 MPH)
Batting: LHB Steve Pond 0-0: Called Strike
0-1: Swinging Strike
0-2: Strikes out swinging
Batting: RHB Xavier Castaneda 0-0: Foul Ball, location: 2F
0-1: Ball
1-1: Ball
2-1: Called Strike
2-2: Foul Ball, location: 2F
2-2: Strikes out swinging
Top of the 9th over - 0 runs, 0 hits, 0 errors, 0 left on base; Ohio State University 2 - University of California 3
Wednesday, June 22nd , 2022 - OOTP Baseball 23.4 Build 64